 Dungeon Crawl Stone Soup version 0.31.0-32-g396128a36d (webtiles) character file.

Game seed: 14431030281404318912

545684 yey the Invulnerable (level 26, -4/177 HPs)
             Began as a Gargoyle Berserker on Apr 1, 2024.
             Was the Champion of Trog.
             Slain by a hell beast (8 damage)
             ... summoned by Geryon
             ... in the Vestibule of Hell on Apr 2, 2024.
             The game lasted 02:53:38 (41466 turns).

yey the Invulnerable (Gargoyle Berserker)          Turns: 41466, Time: 02:53:39

Health: -4/177     AC: 63    Str: 35    XL:     26   Next: 14%
Magic:  23/23      EV: 20    Int: 12    God:    Trog [******]
Gold:   2294       SH: 20    Dex: 15    Spells: 25/25 levels left

rFire   + . .        K - +9 eveningstar (vamp)
rCold   + + .        P - +5 Storm Queen's Shield {shock, Fly rElec}
rNeg    + . .        u - +1 gold dragon scales
rPois   ∞            h - +2 hat "Yriuxt" {Rampage rF+ Int+4}
rElec   +            X - +2 cloak {Stlth+}
rCorr   .            p - +2 pair of gloves {Dex+3}
SInv    .            e - +2 pair of boots
Will    ++++.        G - amulet of the Tarantula {rC+ Regen+ Int-2 Stlth+} Stlth
                     v - +5 ring of evasion
HPRegen 3.09/turn    g - ring "Voluabbi" {rElec Str+6 Dex+3}
MPRegen 0.18/turn

%: rampage
@: mighty, strong-willed, flying, regenerating
A: sickness immunity, AC +20, big wings, negative energy resistance 1,
electricity resistance, torment resistance 1, petrification resistance, thin
skeletal structure 1, clumsy 2, strong-willed 1, regeneration 1, screaming 1,
shaggy fur 1, heat vulnerability 1
}: 3/15 runes: decaying, slimy, gossamer
a: Renounce Religion, Berserk, Trog's Hand, Brothers in Arms


You were in the Vestibule of Hell.
You worshipped Trog.
Trog was exalted by your worship.
You visited 10 branches of the dungeon, and saw 43 of its levels.
You also visited: Volcano.

You collected 5231 gold pieces.
You spent 2937 gold pieces at shops.

Inventory:

Hand Weapons
 K - a +9 vampiric eveningstar (weapon)
 W - a +9 heavy war axe
Missiles
 b - 5 silver javelins
 l - 428 stones (quivered)
 s - 17 javelins
 w - 4 throwing nets
 E - 40 boomerangs
Armour
 e - a +2 pair of boots (worn)
 h - the +2 hat "Yriuxt" (worn) {Rampage rF+ Int+4}
   (You found it on level 2 of the Swamp)

   Int+4:     It affects your intelligence (+4).
   rF+:       It protects you from fire.
   Rampage:   It bestows one free step when moving towards enemies.
 p - a +2 pair of gloves of dexterity (worn)
 u - +1 gold dragon scales (worn)
 I - a +2 helmet
 P - the +5 Storm Queen's Shield (worn) {shock, Fly rElec}
   (You found it on level 9 of the Dungeon)

   Shock:     When it blocks an attack, it may electrocute the attacker.
   This works even against foes who are a short distance away.
   rElec:     It insulates you from electricity.
   Fly:       It grants you flight.
 X - a +2 cloak of stealth (worn)
 Z - a +6 chain mail of willpower
Jewellery
 g - the ring "Voluabbi" (right hand) {rElec Str+6 Dex+3}
   (You acquired it on level 3 of the Swamp)

   [ring of strength]

   Str+6:     It affects your strength (+6).
   Dex+3:     It affects your dexterity (+3).
   rElec:     It insulates you from electricity.
 m - the ring "Amiraisk" {+Blink rN+}
   (You found it on level 1 of the Depths)

   [ring of positive energy]

   rN+:       It protects you from negative energy.
   +Blink:    It lets you blink.
 r - the ring "Agaij" {Fly rF+ rCorr Dex+7 Stlth-}
   (You bought it in a shop on level 2 of the Elven Halls)

   [ring of flight]

   Dex+7:     It affects your dexterity (+7).
   rF+:       It protects you from fire.
   Fly:       It grants you flight.
   rCorr:     It protects you from acid and corrosion.
   Stlth-:    It makes you less stealthy.
 t - the ring of Micseg {rPois Int+4 SInv}
   (You found it on level 1 of the Swamp)

   [ring of poison resistance]

   Int+4:     It affects your intelligence (+4).
   rPois:     It protects you from poison SInv: It lets you see invisible.
 v - a +5 ring of evasion (left hand)
 G - the amulet of the Tarantula (around neck) {rC+ Regen+ Int-2 Stlth+}
   (You found it on level 6 of the Dungeon)

   [amulet of regeneration]

   Int-2:     It affects your intelligence (-2).
   rC+:       It protects you from cold.
   Regen+:    It increases your rate of health regeneration.
   Stlth+:    It makes you more stealthy.
 O - a ring of protection from fire
 T - a ring of protection from cold
Wands
 c - a wand of iceblast (69)
 q - a wand of paralysis (33)
 A - a wand of quicksilver (39)
 C - a wand of flame (109)
 J - a wand of polymorph (37)
 M - a wand of digging (10)
 Y - a wand of mindburst (34)
Scrolls
 d - 3 scrolls of teleportation
 f - 5 scrolls of revelation
 k - 4 scrolls of fog
 x - 4 scrolls of immolation
 y - 9 scrolls of noise
 F - 3 scrolls of poison
Potions
 a - 6 potions of ambrosia
 i - 11 potions of curing
 o - 3 potions of berserk rage
 z - 6 potions of haste
 D - a potion of resistance
 H - 5 potions of might
 L - 7 potions of attraction
 N - 2 potions of lignification
 Q - 3 potions of invisibility
 S - 8 potions of heal wounds
 V - 4 potions of magic
Miscellaneous
 B - a lightning rod (4/4)
 R - a box of beasts
 U - a condenser vane


   Skills:
 + Level 21.0 Fighting
 - Level 20.0 Maces & Flails
 O Level 27 Armour
 - Level 15.0 Dodging
 - Level 18.0 Shields


You had 25 spell levels left.
You didn't know any spells.
Your spell library was empty.

Dungeon Overview and Level Annotations

Branches:
Dungeon (15/15)            Temple (1/1) D:5            Lair (5/5) D:11
  Swamp (4/4) Lair:2       Spider (4/4) Lair:2        Slime (5/5) Lair:5
    Orc (2/2) D:11            Elf (3/3) Orc:2        Vaults (0/5) D:13
 Depths (3/4) D:15           Hell (1/1)             Volcano (visited)
    Dis: Hell:1         Geh: Hell:1         Coc: Hell:1         Tar: Hell:1

Altars:
Ashenzari
Cheibriados
Dithmenos
Elyvilon
Fedhas
Gozag
Hepliaklqana
Kikubaaqudgha
Makhleb
Nemelex Xobeh
Okawaru
Qazlal
Ru
Sif Muna
Trog
Uskayaw
Vehumet
Wu Jian
Xom
Yredelemnul
Zin
The Shining One
Jiyva
Lugonu

Shops:
D:3 [=   D:5 *?(:   D:6 !   D:7 (   D:12 :   D:14 (   Orc:2 [(=   Elf:2 *=::
Elf:3 [:

Portals:
Hell: Depths:1 Depths:2 Depths:3
Abyss: Lair:5 Depths:3
Pandemonium: Depths:2
Ziggurat: Depths:1

Annotations:
D:6 1 runed translucent door
Temple 2 transporters
Hell Geryon


Innate Abilities, Weirdness & Mutations

You are immune to sickness and miasma.
Your stone body is resilient. (AC +20)
You are immune to poison.
Your large and strong wings let you fly.
You resist negative energy. (rN+)
You are resistant to electric shocks. (rElec)
You are resistant to unholy torment.
You are immune to petrification.
You have a somewhat thin skeletal structure. (Dex +2, Stealth+)
You are very clumsy. (Dex -4)
You are strong-willed. (Will+)
Your natural rate of healing is unusually fast.
You occasionally shout uncontrollably at your foes.
You are covered in fur. (AC +1)
You are vulnerable to heat. (rF-)


Message History

* * * LOW HITPOINT WARNING * * *
The green death hits you but does no damage.
The hell knight misses you. Geryon tail-slaps you from afar!
* * * LOW HITPOINT WARNING * * *
The necromancer casts a spell.
The necromancer binds the souls of nearby monsters.
Okay, then.
You impale the hell knight!!
You feel better.
The hell knight is heavily wounded.
You block the hell beast's attack. x3; The hell beast misses you.
The hell knight completely misses you. The hell beast closely misses you. x2
The hell knight hits you with a +5 heavy demon blade.
* * * LOW HITPOINT WARNING * * *
The hell knight hits you but does no damage.
The hell beast bites you but does no damage.
The hell beast completely misses you.
The hell beast bites you but does no damage.
The hell beast tramples you.
* * * LOW HITPOINT WARNING * * *
You hold your ground!
The hell knight hits you but does no damage.
The hell beast bites you!
* * * LOW HITPOINT WARNING * * *
The hell beast tramples you but does no damage.
Unknown command.
You hit the hell knight.
The hell knight is heavily wounded.
You block the hell knight's attack.
The hell knight hits you with a +5 heavy demon blade!
* * * LOW HITPOINT WARNING * * *
You block the reaper's attack. You block Geryon's attack.
The hell knight barely misses you.
The reaper hits you from afar with a +0 scythe of venom.
* * * LOW HITPOINT WARNING * * *
The green death hits you but does no damage.
The hell knight hits you but does no damage.
The hell beast barely misses you.
The hell beast tramples you but does no damage.
The hell beast bites you!
You die...

..... #...# ##...##
##.....##
##p..#...##
##.Z.......#
##..&#Z∩.#...#
##..22222.....2#
..##...#@p4#...#...#
......ppp2p.........
.....#.22#...#.∩.#..
... ....p...........
. #...#...#...#...#
##.............##
##...#.∩2#...
##......... ...#...


You could see Geryon, 5 hell beasts, 2 reapers, a green death, 6 hell knights, a
rust devil, a necromancer, a dire elephant skeleton and a naga warrior skeleton.

Vanquished Creatures
  the Royal Jelly (Slime:5)
  Dissolution (Slime:3)
  2 juggernauts (Depths:1)
  5 caustic shrikes
  A golden dragon (Depths:2)
  The ghost of Daosas the Warrior, an adept DgCj (Depths:1)
  The ghost of Toomeure the Maledictor, a veteran BaHs of Cheibriados (Depths:2)
  the Enchantress (D:15)
  Jorgrun (D:15)
  2 tentacled monstrosities
  A walking earthen tome (Depths:2)
  2 titans (Depths:2)
  4 liches
  2 deep elf blademasters (Elf:3)
  2 walking frostbound tomes
  29 acid blobs
  2 sphinxes (Depths:2)
  The ghost of jimmypageman the Executioner, an adept MiFi of Okawaru (Spider:4)
  2 deep elf master archers (Elf:3)
  A thorn hunter (Swamp:3)
  3 tengu reavers
  Aizul (Spider:1)
  2 storm dragons
  7 azure jellies
  Donald (Orc:2)
  2 shadow dragons (Depths:3)
  12 rockslimes
  Roxanne (D:15)
  The ghost of spaghetti the Spry, an adept DsCK of Xom (Elf:2)
  The ghost of bearlyready the Executioner, a journeyman HOBe of Trog (Swamp:2)
  14 fire giants
  2 iron dragons (Depths:3)
  A fenstrider witch (Swamp:3)
  3 emperor scorpions
  Louise (Swamp:2)
  9 frost giants
  6 deep elf sorcerers
  A deep elf elementalist (Elf:3)
  2 ghouls (Swamp:3)
  5 spriggan defenders
  3 ghost moths
  An orc warlord (Orc:2)
  21 very ugly things
  14 stone giants
  20 quicksilver oozes
  3 broodmothers
  4 deep elf demonologists
  4 eleionomae
  10 deep elf annihilators
  9 deep elf death magi (Elf:3)
  7 spark wasps
  Azrael (D:12)
  5 bunyips
  Snorg (D:14)
  4 ettins
  Josephine (Orc:2)
  11 entropy weavers
  6 rakshasas
  A jiangshi (Depths:2)
  12 fire dragons
  28 hydras
  3 deep elf high priests (Elf:3)
  9 great orbs of eyes
  A quicksilver dragon skeleton (Depths:2)
  3 shambling mangroves
  2 ogre magi (D:15)
  5 ghost crabs
  Harold (Lair:1)
  16 ice dragons
  A vault guard (D:13)
  5 spriggan air magi
  A jorogumo (Spider:4)
  A catoblepas (D:15)
  Erica (D:10)
  11 alligators
  5 radroaches
  5 centaur warriors
  3 deep troll shamans (Depths:1)
  10 boulder beetles
  24 two-headed ogres
  36 dancing weapons
  11 demonic crawlers
  10 tengu warriors
  5 deep troll earth magi
  A vampire mage (Depths:2)
  2 occultists
  12 spriggan berserkers
  Urug (Lair:1)
  7 orc high priests
  3 thrashing horrors (Lair:5)
  5 death yaks
  A sun demon (Depths:3)
  The ghost of rutigerpupkin the Geomancer, a novice GrEE of Vehumet (D:11)
  8 hell knights
  A skyshark (Lair:4)
  21 deep elf knights
  5 iron trolls (Depths:1)
  Amaemon (Lair:3)
  4 goliath frogs
  10 orb spiders
  11 pharaoh ants
  3 death drakes (Swamp:3)
  A spriggan simulacrum (Elf:1)
  10 spriggan druids
  A mana viper (shapeshifter) (Depths:3)
  7 deep elf archers
  A golden dragon skeleton (Depths:2)
  6 bog bodies
  9 deep trolls
  4 sun moths
  An obsidian statue (Orc:1)
  2 lindwurms
  7 swamp dragons
  6 flayed ghosts
  3 arcanists
  8 glowing orange brains
  22 deep elf pyromancers
  A wolf spider zombie (D:15)
  21 deep elf zephyrmancers
  8 steelbarb worms
  3 necromancers
  20 wolf spiders
  An oklob plant (Lair:5)
  The ghost of PaiMei the Grave Robber, a novice DsNe (D:6)
  A shining eye (shapeshifter) (Elf:2)
  39 ugly things
  4 orc knights (Orc:2)
  9 orc sorcerers
  A manticore (shapeshifter) (Depths:1)
  7 cyclopes
  5 shining eyes
  7 will-o-the-wisps
  A salamander (shapeshifter) (D:13)
  8 moths of wrath
  3 manticores
  3 elephants (Lair:4)
  Maurice (D:10)
  7 kobold blastminers
  3 large abominations (Lair:5)
  12 meliai
  2 black mambas
  4 eyes of devastation
  A guardian serpent (Elf:1)
  An orange demon (Lair:3)
  3 smoke demons
  A rust devil (Hell)
  A cane toad (shapeshifter) (D:13)
  An ice statue (D:11)
  4 gargoyles
  4 torpor snails
  Maggie (D:10)
  2 unseen horrors
  2 rime drakes
  8 cane toads
  2 yaktaurs (Volcano)
  3 anaconda simulacra (Elf:1)
  A kobold demonologist (D:10)
  Psyche (D:12)
  8 komodo dragons
  3 tengu conjurers
  2 alligator simulacra (Elf:1)
  10 trolls
  A polar bear (Lair:2)
  30 tarantellas
  14 tyrant leeches
  18 hornets
  A raiju (shapeshifter) (Lair:5)
  A fire giant simulacrum (Depths:2)
  The ghost of jimmypageman the Basher, an amateur GnWn (D:3)
  16 blink frogs
  2 raiju (Lair:5)
  6 glass eyes
  7 dream sheep (Lair:5)
  89 slime creatures
  33 jumping spiders
  A jumping spider (shapeshifter) (D:15)
  3 shadows
  2 vampires
  2 air elementals
  5 water elementals
  5 wraiths
  23 culicivoras
  34 yaks
  A centaur simulacrum (D:15)
  9 wyverns
  5 fire elementals
  20 humans (D:13)
  27 spriggans
  2 wargs
  52 redbacks
  2 minotaur simulacra (Elf:1)
  A golden eye (Slime:5)
  11 vampire mosquitoes
  2 steam dragons
  12 basilisks
  2 chaos spawn (Lair:5)
  13 water moccasins
  3 acid dragons (D:9)
  28 swamp worms
  6 hell hounds (D:12)
  10 swamp drakes
  2 sky beasts
  2 ice beasts (D:6)
  42 orc warriors
  A black bear (D:11)
  13 ogres
  11 small abominations
  40 wolves
  17 centaurs
  A brain worm (shapeshifter) (Lair:5)
  2 kobold brigands
  4 earth elementals (Elf:2)
  A gnoll sergeant (D:11)
  2 scorpions (D:5)
  20 bullfrogs
  A necrophage (D:9)
  3 wights (D:9)
  11 killer bees
  7 electric eels
  6 howler monkeys
  A bombardier beetle (D:6)
  2 lava snakes (Lair:5)
  4 centaur zombies
  A human zombie (D:9)
  A hound (D:7)
  33 orc priests
  4 jellies (Lair:5)
  Ijyb (D:3)
  4 iguanas
  21 orc wizards
  7 hell rats (Lair:2)
  3 mummies (D:9)
  3 howler monkey zombies (D:9)
  Robin (D:2)
  9 gnolls
  5 adders
  4 shadow imps
  A white imp (D:7)
  3 dart slugs
  2 ribbon worms
  81 orcs
  7 ball pythons
  5 endoplasms
  3 giant cockroaches
  10 hobgoblins
  4 quokkas
  2 bats
  3 frilled lizards
  14 goblins
  14 kobolds
  3 rats
  A butterfly (Lair:2)
1831 creatures vanquished.

Vanquished Creatures (collateral kills)
  Bai Suzhen (D:15)
  The ghost of ggurman the Bludgeoner, a journeyman MiFi of Okawaru (Orc:1)
2 creatures vanquished.

Vanquished Creatures (others)
  Nikola (Swamp:1)
  A lich (Depths:2)
  A fire giant (Depths:1)
  An eleionoma (Swamp:3)
  A fire dragon (Depths:3)
  A deep elf high priest (Elf:3)
  An ice dragon (Depths:3)
  A hydra (Swamp:4)
  A spriggan berserker (Depths:3)
  2 deep elf knights (Elf:2)
  A goliath frog (Swamp:1)
  7 bloated husks
  A redback (Spider:4)
  2 swamp worms
  2 swamp drakes
  An orc wizard (Orc:1)
  14 foxfires
39 creatures vanquished.

Grand Total: 1872 creatures vanquished

Notes
Turn   | Place    | Note
-------+----------+-------------------------------------------
     0 | D:1      | yey the Gargoyle Berserker began the quest for the Orb.
     0 | D:1      | Reached XP level 1. HP: 14/14 MP: 1/1
   163 | D:1      | Reached XP level 2. HP: 8/19 MP: 2/2
   253 | D:1      | Gained mutation: Your muscles are strong. (Str +4, Int/Dex
                  | -1) [potion of mutation]
   253 | D:1      | Gained mutation: Your large and strong wings let you fly.
                  | [potion of mutation]
   253 | D:1      | Gained mutation: You have hidden genetic potential. [potion
                  | of mutation]
  1120 | D:2      | Reached XP level 3. HP: 23/23 MP: 3/3
  1467 | D:2      | Gained mutation: You are partially covered in iridescent
                  | scales. (AC +2) [hidden potential]
  1709 | D:3      | Noticed Robin
  1760 | D:2      | Reached ** piety under Trog
  1827 | D:2      | Killed Robin
  1828 | D:2      | Reached XP level 4. HP: 24/28 MP: 4/4
  1914 | D:3      | Found Joclakil's Jewellery Boutique.
  1986 | D:3      | Found Kobireca's Antique Armour Boutique.
  2026 | D:3      | Found a runed translucent door.
  2031 | D:3      | Noticed jimmypageman's ghost (amateur GnWn)
  2117 | D:3      | Gained mutation: You are robust. (+10% HP) [hidden
                  | potential]
  2117 | D:3      | Lost mutation: You have hidden genetic potential. [hidden
                  | potential expressed]
  2149 | D:3      | Found a blossoming altar of Fedhas.
  2162 | D:3      | Reached skill level 5 in Maces & Flails
  2241 | D:3      | Found a radiant altar of Vehumet.
  2246 | D:3      | Noticed Ijyb
  2262 | D:3      | Paralysed by Ijyb for 3 turns
  2271 | D:3      | Killed Ijyb
  2272 | D:3      | Reached XP level 5. HP: 35/35 MP: 5/5
  2946 | D:4      | Noticed an ogre
  2965 | D:4      | Killed an ogre
  2966 | D:4      | Reached XP level 6. HP: 24/40 MP: 6/6
  3220 | D:5      | Entered Level 5 of the Dungeon
  3220 | D:5      | Found Luorauv's Antique Weapon Emporium.
  3287 | D:5      | Found Zarhis's General Store.
  3301 | D:5      | Bought a scroll of fear for 52 gold pieces
  3350 | D:5      | Found Ekuyph's Book Shop.
  3368 | D:5      | Found a staircase to the Ecumenical Temple.
  3384 | Temple   | Found a transporter.
  3384 | Temple   | Found a transporter.
  3384 | Temple   | Found a transporter.
  3384 | Temple   | Found a transporter.
  3384 | Temple   | Entered the Ecumenical Temple
  3456 | D:5      | Reached XP level 7. HP: 45/45 MP: 7/7
  3641 | D:5      | Found an ornate altar of the Wu Jian Council.
  3795 | D:5      | Found Wuutz's Magic Scroll Shoppe.
  3806 | D:5      | Bought a scroll of teleportation for 45 gold pieces
  3806 | D:5      | Bought a scroll of enchant armour for 112 gold pieces
  3806 | D:5      | Bought a scroll of identify for 30 gold pieces
  3918 | D:6      | Found a glowing golden altar of the Shining One.
  4114 | D:6      | Reached XP level 8. HP: 45/50 MP: 8/8
  4142 | D:6      | Found a runed translucent door.
  4143 | D:6      | Noticed PaiMei's ghost (novice DsNe)
  4300 | D:6      | Reached *** piety under Trog
  4343 | D:6      | Reached skill level 10 in Maces & Flails
  4607 | D:6      | Found a runed translucent door.
  4633 | D:6      | Found Iryn Per's Distillery.
  4654 | D:6      | Bought a potion of lignification for 45 gold pieces
  4759 | D:6      | Killed PaiMei's ghost
  4765 | D:6      | Reached XP level 9. HP: 55/56 MP: 9/9
  4796 | D:6      | Identified the amulet of the Tarantula {rC+ Regen+ Int-2
                  | Stlth+}
  4916 | D:7      | Found a hazy altar of Hepliaklqana.
  5154 | D:7      | Found a glowing silver altar of Zin.
  5156 | D:7      | Noticed an angel
  5464 | D:7      | Found Suysch's Antique Weapon Shop.
  6262 | D:9      | Found the +5 Storm Queen's Shield {shock, Fly rElec}
  6297 | D:9      | Noticed a two-headed ogre
  6304 | D:9      | Killed a two-headed ogre
  6305 | D:9      | Reached XP level 10. HP: 50/61 MP: 10/10
  6324 | D:9      | Noticed a cyclops
  6334 | D:9      | Killed a cyclops
  6335 | D:9      | Reached skill level 5 in Fighting
  6358 | D:9      | Noticed a two-headed ogre
  6361 | D:9      | Reached **** piety under Trog
  6370 | D:9      | Killed a two-headed ogre
  6405 | D:9      | Found a runed translucent door.
  6405 | D:9      | Noticed a boulder beetle
  6406 | D:9      | Found a runed translucent door.
  6406 | D:9      | Noticed a cyclops
  6430 | D:9      | Killed a cyclops
  6431 | D:9      | Killed a boulder beetle
  6501 | D:9      | Reached skill level 10 in Fighting
  6504 | D:9      | Reached XP level 11. HP: 79/79 MP: 11/11
  6523 | D:9      | Noticed a two-headed ogre
  6533 | D:9      | Killed a two-headed ogre
  6557 | D:9      | Noticed a boulder beetle
  6557 | D:9      | Noticed an arcanist
  6557 | D:9      | Noticed a manticore
  6557 | D:9      | Noticed a cyclops
  6557 | D:9      | Noticed a tengu warrior
  6944 | D:9      | Noticed a two-headed ogre
  6953 | D:9      | Killed a two-headed ogre
  7095 | D:9      | Found a basalt altar of Yredelemnul.
  7275 | D:9      | Killed an arcanist
  7335 | D:9      | Killed a boulder beetle
  7391 | D:9      | Killed a tengu warrior
  7405 | D:9      | Killed a manticore
  7422 | D:9      | Killed a cyclops
  7423 | D:9      | Reached XP level 12. HP: 73/94 MP: 12/12
  7569 | D:10     | Entered Level 10 of the Dungeon
  7583 | D:10     | Noticed a two-headed ogre
  7596 | D:10     | Killed a two-headed ogre
  7697 | D:7      | Reached ***** piety under Trog
  7790 | D:5      | Bought a scroll of identify for 30 gold pieces
  7790 | D:5      | Bought a scroll of enchant armour for 112 gold pieces
  7790 | D:5      | Bought a scroll of blinking for 112 gold pieces
  7981 | D:10     | Noticed Erica
  7985 | D:10     | Killed Erica
  7986 | D:10     | Reached skill level 15 in Fighting
  8004 | D:10     | Found a bloodstained altar of Trog.
  8054 | D:10     | Found a snail-covered altar of Cheibriados.
  8077 | D:10     | Noticed Maurice
  8099 | D:10     | Something stole a condenser vane
  8115 | D:10     | Killed Maurice
  8173 | D:10     | Noticed Maggie
  8197 | D:10     | Killed Maggie
  8423 | D:11     | Found a staircase to the Orcish Mines.
  8571 | D:11     | Noticed a death yak
  8583 | D:11     | Killed a death yak
  8591 | D:11     | Found a staircase to the Lair.
  9033 | D:11     | Found a runed translucent door.
  9033 | D:11     | Found a shimmering altar of Xom.
  9033 | D:11     | Noticed rutigerpupkin's ghost (novice GrEE)
  9609 | D:11     | Killed rutigerpupkin's ghost
  9696 | Orc:1    | Entered Level 1 of the Orcish Mines
  9972 | Orc:2    | Entered Level 2 of the Orcish Mines
  9972 | Orc:2    | Noticed a two-headed ogre
  9994 | Orc:1    | Killed a two-headed ogre
 10123 | Orc:2    | Noticed a two-headed ogre
 10132 | Orc:2    | Killed a two-headed ogre
 10133 | Orc:2    | Reached XP level 13. HP: 106/106 MP: 13/13
 10236 | Orc:2    | Found Jonas's Armour Emporium.
 10268 | Orc:2    | Found Heatuong's Antique Weapon Shoppe.
 10309 | Orc:2    | Bought a runed morningstar for 182 gold pieces
 10359 | Orc:2    | Paralysed by an orc sorcerer for 3 turns
 10580 | Orc:2    | Received a gift from Trog
 10632 | Orc:2    | Found Muuhuw's Jewellery Boutique.
 10678 | Orc:2    | Noticed Josephine
 10692 | Orc:2    | Noticed an orc warlord
 10693 | Orc:2    | Killed Josephine
 10696 | Orc:2    | HP: 5/110 [orc priest/divine providence (13)]
 11176 | Orc:1    | Found a runed translucent gate.
 11176 | Orc:1    | Found a runed translucent gate.
 11176 | Orc:1    | Found a runed translucent gate.
 11179 | Orc:1    | Found an opulent altar of Gozag.
 11181 | Orc:1    | Noticed ggurman's ghost (journeyman MiFi)
 11282 | Orc:1    | Killed ggurman's ghost
 11446 | Orc:2    | Reached skill level 15 in Maces & Flails
 11581 | Orc:2    | Received a gift from Trog
 11674 | Orc:2    | Noticed Donald
 11691 | Orc:2    | Killed Donald
 11769 | Orc:2    | Reached skill level 3 in Armour
 11769 | Orc:2    | Mutation became permanent: Your large and strong wings let
                  | you fly. [Gargoyle growth]
 11769 | Orc:2    | Gained mutation: Your large and strong wings let you fly.
                  | [Gargoyle growth]
 11769 | Orc:2    | Reached XP level 14. HP: 116/116 MP: 14/14
 11820 | Orc:2    | Reached skill level 4 in Armour
 11843 | Orc:2    | Reached skill level 5 in Armour
 11940 | Orc:2    | Killed an orc warlord
 11991 | Orc:2    | Reached skill level 6 in Armour
 12015 | Orc:2    | Found Cucla's Distillery.
 12026 | Orc:2    | Bought 2 potions of degeneration for 32 gold pieces
 12026 | Orc:2    | Bought a potion of curing for 48 gold pieces
 12026 | Orc:2    | Bought a potion of heal wounds for 80 gold pieces
 12033 | Orc:2    | Bought 2 potions of ambrosia for 256 gold pieces
 12033 | Orc:2    | Bought a potion of magic for 128 gold pieces
 12035 | Orc:2    | Bought a potion of might for 64 gold pieces
 12157 | Orc:2    | Found a staircase to the Elven Halls.
 12271 | Orc:2    | Reached skill level 7 in Armour
 12431 | Elf:1    | Entered Level 1 of the Elven Halls
 12586 | Lair:1   | Entered Level 1 of the Lair of Beasts
 12593 | Lair:1   | Noticed Urug
 12605 | Lair:1   | Killed Urug
 12688 | Lair:1   | Reached skill level 8 in Armour
 12801 | Lair:1   | Reached ****** piety under Trog
 12860 | Lair:1   | Received a gift from Trog
 13005 | Lair:1   | Reached skill level 9 in Armour
 13140 | Lair:1   | Noticed Harold
 13147 | Lair:1   | Killed Harold
 13291 | Lair:2   | Found a hole to the Spider Nest.
 13427 | Lair:2   | Reached skill level 10 in Armour
 13452 | Lair:2   | Found a staircase to the Swamp.
 14050 | Lair:3   | Noticed Amaemon
 14057 | Lair:3   | Reached skill level 11 in Armour
 14063 | Lair:3   | Killed Amaemon
 14187 | Lair:3   | Reached skill level 12 in Armour
 14893 | Lair:4   | Reached XP level 15. HP: 122/122 MP: 15/15
 14915 | Lair:4   | Reached skill level 13 in Armour
 14999 | Lair:4   | Found a dark tunnel.
 15004 | Volcano  | Entered a volcano
 15037 | Volcano  | Found a burning altar of Makhleb.
 15182 | Volcano  | Reached skill level 15 in Armour
 15182 | Volcano  | Reached XP level 16. HP: 127/127 MP: 16/16
 15183 | Volcano  | Reached XP level 17. HP: 134/134 MP: 17/17
 15474 | D:3      | Killed jimmypageman's ghost
 16283 | D:5      | Bought a scroll of blinking for 112 gold pieces
 16656 | Lair:5   | Entered Level 5 of the Lair of Beasts
 16672 | Lair:5   | Received a gift from Trog
 16868 | Lair:5   | Found a viscous altar of Jiyva.
 16868 | Lair:5   | Found a staircase to the Slime Pits.
 17279 | Lair:5   | Identified the +1 sling "Daizxapp" {freeze, rC+ Will+ Int+6
                  | Stlth+}
 17587 | Lair:5   | Reached skill level 10 in Shields
 17720 | Lair:5   | Found a corrupted altar of Lugonu.
 17720 | Lair:5   | Found a one-way gate to the infinite horrors of the Abyss.
 17994 | Spider:1 | Entered Level 1 of the Spider Nest
 18127 | Spider:1 | Identified a scroll of acquirement
 18127 | Spider:1 | Acquired 468 gold pieces
 18364 | Spider:1 | Received a gift from Trog
 18602 | Spider:1 | Identified the serpent talisman "Diaqoac" {Stlth+}
 18602 | Spider:1 | Noticed Aizul
 18616 | Spider:1 | Killed Aizul
 19109 | Spider:1 | Reached XP level 18. HP: 140/140 MP: 18/18
 19149 | Spider:1 | Received a gift from Trog
 19522 | Spider:2 | Reached skill level 15 in Shields
 20061 | Spider:3 | Identified the +7 rapier of Courage {heavy, Dex+4} (Trog
                  | gifted it to you on level 3 of the Spider Nest)
 20061 | Spider:3 | Received a gift from Trog
 20561 | Spider:3 | Identified the +0 robe "Koilisiji" {Str+5}
 20608 | Spider:4 | Entered Level 4 of the Spider Nest
 20853 | Spider:4 | Noticed jimmypageman's ghost (adept MiFi)
 20978 | Spider:4 | Found a runed translucent door.
 21003 | Spider:4 | Killed jimmypageman's ghost
 21046 | Spider:4 | Lost mutation: You are robust. (+10% HP) [potion of
                  | mutation]
 21046 | Spider:4 | Lost mutation: Your muscles are strong. (Str +4, Int/Dex
                  | -1) [potion of mutation]
 21046 | Spider:4 | Lost mutation: You are partially covered in iridescent
                  | scales. (AC +2) [potion of mutation]
 21046 | Spider:4 | Gained mutation: You have a pair of small horns on your
                  | head. [potion of mutation]
 21046 | Spider:4 | Gained mutation: You have a pair of horns on your head.
                  | [potion of mutation]
 21046 | Spider:4 | Gained mutation: You are weak. (Str -2) [potion of
                  | mutation]
 21046 | Spider:4 | Gained mutation: You possess an exceptional clarity of
                  | mind. [potion of mutation]
 21047 | Spider:4 | Lost mutation: You have a pair of horns on your head.
                  | [potion of mutation]
 21047 | Spider:4 | Lost mutation: You are weak. (Str -2) [potion of mutation]
 21047 | Spider:4 | Gained mutation: You are weak. (Str -2) [potion of
                  | mutation]
 21047 | Spider:4 | Gained mutation: You are partially covered in large bone
                  | plates. (SH +4) [potion of mutation]
 21047 | Spider:4 | Gained mutation: Your mind is acute. (Int +4, Str/Dex -1)
                  | [potion of mutation]
 21048 | Spider:4 | Lost mutation: You are partially covered in large bone
                  | plates. (SH +4) [potion of mutation]
 21048 | Spider:4 | Lost mutation: You have a pair of small horns on your head.
                  | [potion of mutation]
 21048 | Spider:4 | Lost mutation: Your mind is acute. (Int +4, Str/Dex -1)
                  | [potion of mutation]
 21048 | Spider:4 | Gained mutation: You have hidden genetic potential. [potion
                  | of mutation]
 21048 | Spider:4 | Lost mutation: You possess an exceptional clarity of mind.
                  | [potion of mutation]
 21048 | Spider:4 | Gained mutation: Your natural rate of healing is unusually
                  | fast. [potion of mutation]
 21199 | Spider:4 | Received a gift from Trog
 21390 | Spider:4 | Reached XP level 19. HP: 86/132 MP: 19/19
 21764 | Spider:4 | Got a gossamer rune of Zot
 22007 | D:12     | Noticed Psyche
 22010 | D:12     | Killed Psyche
 22106 | D:12     | Noticed Azrael
 22124 | D:12     | Killed Azrael
 22125 | D:12     | Received a gift from Trog
 22199 | D:12     | Found Guady's Self-Published Books.
 23280 | D:13     | Found a gate to the Vaults.
 23931 | D:14     | Found Noleirgh's Antique Weapon Boutique.
 23954 | D:14     | Gained mutation: You have sharp toenails. [hidden
                  | potential]
 24000 | D:14     | Lost mutation: You have sharp toenails. [potion of
                  | mutation]
 24000 | D:14     | Lost mutation: Your natural rate of healing is unusually
                  | fast. [potion of mutation]
 24000 | D:14     | Gained mutation: You occasionally lose the ability to read
                  | scrolls when taking damage. [potion of mutation]
 24001 | D:14     | Lost mutation: You are weak. (Str -2) [potion of mutation]
 24001 | D:14     | Lost mutation: You have hidden genetic potential. [potion
                  | of mutation]
 24001 | D:14     | Gained mutation: You have a pair of small horns on your
                  | head. [potion of mutation]
 24001 | D:14     | Gained mutation: You are partially covered in iridescent
                  | scales. (AC +2) [potion of mutation]
 24001 | D:14     | Gained mutation: You have sharp fingernails. [potion of
                  | mutation]
 24002 | D:14     | Lost mutation: You occasionally lose the ability to read
                  | scrolls when taking damage. [potion of mutation]
 24002 | D:14     | Lost mutation: You have a pair of small horns on your head.
                  | [potion of mutation]
 24002 | D:14     | Lost mutation: You have sharp fingernails. [potion of
                  | mutation]
 24002 | D:14     | Gained mutation: You sometimes lose your temper in combat.
                  | [potion of mutation]
 24002 | D:14     | Gained mutation: Your natural rate of healing is unusually
                  | fast. [potion of mutation]
 24002 | D:14     | Gained mutation: You are weak. (Str -2) [potion of
                  | mutation]
 24003 | D:14     | Lost mutation: You sometimes lose your temper in combat.
                  | [potion of mutation]
 24003 | D:14     | Lost mutation: You are weak. (Str -2) [potion of mutation]
 24003 | D:14     | Gained mutation: You are robust. (+10% HP) [potion of
                  | mutation]
 24003 | D:14     | Gained mutation: Armour fits poorly on your strangely
                  | shaped body. [potion of mutation]
 24003 | D:14     | Gained mutation: You are strong-willed. (Will+) [potion of
                  | mutation]
 24004 | D:14     | Lost mutation: You are partially covered in iridescent
                  | scales. (AC +2) [potion of mutation]
 24004 | D:14     | Lost mutation: You are robust. (+10% HP) [potion of
                  | mutation]
 24004 | D:14     | Gained mutation: Your movements are slightly less
                  | encumbered by armour. (ER -2) [potion of mutation]
 24005 | D:14     | Lost mutation: Armour fits poorly on your strangely shaped
                  | body. [potion of mutation]
 24005 | D:14     | Lost mutation: Your movements are slightly less encumbered
                  | by armour. (ER -2) [potion of mutation]
 24005 | D:14     | Lost mutation: You are strong-willed. (Will+) [potion of
                  | mutation]
 24005 | D:14     | Gained mutation: You have hidden genetic potential. [potion
                  | of mutation]
 24005 | D:14     | Gained mutation: You have a pair of small antennae on your
                  | head. [potion of mutation]
 24570 | D:14     | Noticed Snorg
 24577 | D:14     | Killed Snorg
 24945 | D:15     | Entered Level 15 of the Dungeon
 24983 | D:15     | Noticed Roxanne
 25014 | D:15     | Killed Roxanne
 25118 | D:15     | Found an ancient bone altar of Kikubaaqudgha.
 25208 | D:15     | Received a gift from Trog
 25256 | D:15     | Noticed Jorgrun
 25266 | D:15     | Killed Jorgrun
 25349 | D:15     | Found a staircase to the Depths.
 25528 | D:15     | Found an iron altar of Okawaru.
 25900 | Depths:1 | Entered Level 1 of the Depths
 25912 | Depths:1 | Reached XP level 20. HP: 112/140 MP: 20/20
 25913 | Depths:1 | Noticed the Enchantress
 25980 | Depths:1 | Noticed Bai Suzhen
 26036 | D:15     | Killed Bai Suzhen
 26041 | D:15     | Killed the Enchantress
 26095 | Depths:1 | Reached skill level 5 in Dodging
 26158 | Depths:1 | Found a glowing golden altar of the Shining One.
 26235 | Depths:1 | Found a one-way gateway to a ziggurat.
 26730 | Depths:1 | Found a gateway to Hell.
 26881 | Depths:1 | Found a runed translucent gate.
 26881 | Depths:1 | Found a runed translucent gate.
 26881 | Depths:1 | Found a runed translucent gate.
 26881 | Depths:1 | Noticed Daosas's ghost (adept DgCj)
 26891 | Depths:1 | Found a viscous altar of Jiyva.
 26915 | Depths:1 | Found a hide-covered altar of Uskayaw.
 27069 | Depths:1 | Received a gift from Trog
 27094 | Depths:1 | Gained mutation: You expend magic power (3 MP) to
                  | strengthen your wands. [hidden potential]
 27272 | Depths:1 | Noticed a caustic shrike
 27294 | Depths:1 | Noticed a caustic shrike
 27296 | Depths:1 | Noticed a caustic shrike
 27298 | Depths:1 | Reached skill level 10 in Dodging
 27310 | Depths:1 | Killed a caustic shrike
 27311 | Depths:1 | Noticed a juggernaut
 27316 | Depths:1 | Killed a caustic shrike
 27324 | Depths:1 | Killed a caustic shrike
 27333 | Depths:1 | Killed a juggernaut
 27346 | Depths:1 | Reached XP level 21. HP: 71/146 MP: 21/21
 27455 | Depths:1 | Received a gift from Trog
 27483 | Depths:1 | Noticed a juggernaut
 27506 | Depths:1 | Killed a juggernaut
 27778 | Depths:1 | Killed Daosas's ghost
 27820 | Depths:1 | Gained mutation: You are clumsy. (Dex -2) [a shining eye]
 27902 | Depths:1 | Identified the ring "Amiraisk" {+Blink rN+}
 28197 | Elf:1    | Paralysed by an air elemental for 1 turns
 28201 | Elf:1    | Paralysed by an air elemental for 1 turns
 28226 | Elf:1    | Gained mutation: You have a somewhat thin skeletal
                  | structure. (Dex +2, Stealth+) [hidden potential]
 28226 | Elf:1    | Lost mutation: You have hidden genetic potential. [hidden
                  | potential expressed]
 28440 | Elf:1    | Received a gift from Trog
 28974 | Elf:1    | Found the +4 robe of Folly {Brill Will-∞ Int+8}
 29155 | Elf:2    | Paralysed by an air elemental for 1 turns
 29198 | Elf:2    | Received a gift from Trog
 29217 | Elf:2    | Found Viogunis's Assorted Antiques.
 29260 | Elf:2    | Bought a scroll of teleportation for 81 gold pieces
 29264 | Elf:2    | Bought a wand of digging (2) for 226 gold pieces
 29322 | Elf:2    | Found a runed translucent gate.
 29323 | Elf:2    | Found a runed translucent gate.
 29324 | Elf:2    | Found a runed translucent gate.
 29343 | Elf:2    | Noticed spaghetti's ghost (adept DsCK)
 29384 | Elf:2    | Killed spaghetti's ghost
 29478 | Elf:2    | Found Roskialar's Book Shoppe.
 29479 | Elf:2    | Found Eraops's Jewellery Boutique.
 29481 | Elf:2    | Found Intar's Book Shoppe.
 29492 | Elf:2    | Bought the ring "Agaij" {Fly rF+ rCorr Dex+7 Stlth-} for
                  | 806 gold pieces
 29663 | Elf:2    | Reached XP level 22. HP: 124/152 MP: 22/22
 29695 | Elf:1    | Reached skill level 15 in Dodging
 29901 | Elf:2    | Found a runed translucent gate.
 29902 | Elf:2    | Found a runed translucent gate.
 29902 | Elf:2    | Found a runed translucent gate.
 30109 | Elf:2    | Received a gift from Trog
 30547 | Elf:3    | Entered Level 3 of the Elven Halls
 30670 | Elf:3    | Found Xaro Vokh's Armour Shop.
 30852 | Elf:3    | Reached skill level 16 in Armour
 30893 | Elf:3    | Found Suid's Tremendous Tomes.
 31098 | Elf:3    | Identified the +0 robe "Hekh" {^Contam Will+++ rCorr
                  | Archmagi}
 31113 | Elf:3    | Identified the +8 halberd "Xaem" {freeze, rC+ rCorr Int-2
                  | Dex+2}
 31113 | Elf:3    | Identified the ring "Vouconag" {rPois rCorr}
 31120 | Elf:3    | Reached skill level 17 in Armour
 31123 | Elf:3    | Identified the +0 leather armour of the Ward {*Slow rN+
                  | Str+7}
 31134 | Elf:3    | Received a gift from Trog
 31337 | Elf:3    | Found the +7 captain's cutlass {speed, disarm}
 31381 | Elf:3    | Identified the +0 plate armour of the Evil One {+Blink}
 31756 | Slime:1  | Entered Level 1 of the Pits of Slime
 31885 | Slime:1  | Reached skill level 18 in Armour
 32314 | Slime:2  | Received a gift from Trog
 32389 | Slime:2  | Found a viscous altar of Jiyva.
 32574 | Slime:3  | Reached skill level 19 in Armour
 32584 | Slime:2  | Gained mutation: You occasionally shout uncontrollably at
                  | your foes. [a shining eye]
 32768 | Slime:1  | Gained mutation: You are vulnerable to heat. (rF-) [a
                  | shining eye]
 32769 | Slime:1  | Gained mutation: You are very clumsy. (Dex -4) [a shining
                  | eye]
 33585 | Slime:5  | Entered Level 5 of the Pits of Slime
 33611 | Slime:5  | Reached XP level 23. HP: 156/156 MP: 23/23
 33684 | Slime:4  | Reached skill level 20 in Armour
 33745 | Slime:4  | Received a gift from Trog
 33854 | Slime:5  | Noticed the Royal Jelly
 33897 | Slime:5  | Noticed Dissolution
 33906 | Slime:5  | Killed the Royal Jelly
 34238 | Slime:3  | Killed Dissolution
 34239 | Slime:3  | Reached skill level 21 in Armour
 34580 | Slime:5  | Found the +1 robe of Vines {NoPotionHeal Regen++++}
 34631 | Slime:5  | Got a slimy rune of Zot
 34656 | Slime:5  | Identified the +7 great sword "Elajehi" {venom, rPois rN+
                  | rCorr MP-9}
 34681 | Slime:5  | Identified the staff "Yschei" {rPois rC+ Ice}
 34684 | Slime:5  | Identified the +1 scale mail of Impatience {*Slow Str+5
                  | Int+5}
 35223 | Swamp:1  | Entered Level 1 of the Swamp
 35228 | Swamp:1  | Noticed Nikola
 35258 | Swamp:1  | Killed Nikola
 35279 | Swamp:1  | Received a gift from Trog
 35531 | Swamp:1  | Found a transporter.
 35674 | Swamp:1  | Found a transporter.
 35832 | Swamp:1  | Identified the ring of Micseg {rPois Int+4 SInv}
 35842 | Swamp:1  | Identified the +0 helmet of Modesty {Slay+2}
 35873 | Swamp:2  | Reached skill level 22 in Armour
 35894 | Swamp:2  | Found a transporter.
 35901 | Swamp:2  | Noticed bearlyready's ghost (journeyman HOBe)
 35903 | Swamp:2  | Identified the +4 falchion "Buunais" {flame, rF+ rC- Int+4}
 35904 | Swamp:2  | Found a bloodstained altar of Trog.
 35948 | Swamp:2  | Found a transporter.
 35971 | Swamp:2  | Identified the +0 robe of the Manifold Villages {Will++
                  | Str-4}
 35985 | Swamp:2  | Identified the +8 chain mail of Birdsong {Fly rN+++ Dex-5
                  | Stlth-}
 35992 | Swamp:2  | Noticed Louise
 36010 | Swamp:2  | Killed Louise
 36616 | Swamp:2  | Killed bearlyready's ghost
 36661 | Swamp:2  | Identified the +2 hat "Yriuxt" {Rampage rF+ Int+4}
 36711 | Swamp:3  | Received a gift from Trog
 36922 | Orc:2    | Bought a potion of mutation for 128 gold pieces
 36922 | Orc:2    | Bought a potion of cancellation for 128 gold pieces
 36922 | Orc:2    | Bought a potion of magic for 128 gold pieces
 36922 | Orc:2    | Lost mutation: You expend magic power (3 MP) to strengthen
                  | your wands. [potion of mutation]
 36922 | Orc:2    | Lost mutation: You have a pair of small antennae on your
                  | head. [potion of mutation]
 36922 | Orc:2    | Gained mutation: You are strong-willed. (Will+) [potion of
                  | mutation]
 36922 | Orc:2    | Gained mutation: You are covered in fur. (AC +1) [potion of
                  | mutation]
 37190 | Swamp:3  | Acquired the ring "Voluabbi" {rElec Str+6 Dex+3}
 37363 | Swamp:3  | Reached skill level 23 in Armour
 37938 | Swamp:3  | Identified the +4 chain mail of Going Fast {Str+3 Dex+7}
 38034 | Swamp:4  | Entered Level 4 of the Swamp
 38063 | Swamp:4  | Reached XP level 24. HP: 163/163 MP: 23/23
 38276 | Swamp:4  | Received a gift from Trog
 38280 | Swamp:4  | Reached skill level 24 in Armour
 38459 | Swamp:4  | Got a decaying rune of Zot
 39039 | Depths:2 | Identified the +2 mace of Dim Light {heavy, +Blink Str-5
                  | Stlth+} (Trog gifted it to you on level 2 of the Depths)
 39039 | Depths:2 | Received a gift from Trog
 39281 | Depths:2 | Reached skill level 25 in Armour
 39400 | Depths:2 | Noticed Toomeure's ghost (veteran BaHs)
 39404 | Depths:2 | Found a transporter.
 39408 | Depths:2 | Found a transporter.
 39569 | Depths:2 | Found a runed translucent door.
 39569 | Depths:2 | Noticed a caustic shrike
 39582 | Depths:2 | Killed a caustic shrike
 39606 | Depths:2 | Noticed a caustic shrike
 39618 | Depths:2 | Found a runed translucent door.
 39625 | Depths:2 | Killed a caustic shrike
 39721 | Depths:2 | Reached skill level 26 in Armour
 39787 | Depths:2 | Identified the +6 chain mail of Haih {Fly rPois}
 39848 | Depths:2 | Reached XP level 25. HP: 168/168 MP: 23/23
 39962 | Depths:2 | Killed Toomeure's ghost
 40006 | Depths:2 | Received a gift from Trog
 40117 | Depths:2 | Found a one-way gate leading to the halls of Pandemonium.
 40132 | Depths:2 | Identified the +1 robe of Fagu {Regen+ Archmagi}
 40354 | Depths:3 | Identified the +2 scale mail of the Shouting Gods {rF+
                  | MP+9}
 40651 | Depths:3 | Identified the amulet of Vilatoan {Faith rN+ Regen+}
 40720 | Depths:3 | Reached skill level 27 in Armour
 40930 | Depths:3 | Reached XP level 26. HP: 175/175 MP: 23/23
 41420 | Hell     | Entered the Vestibule of Hell
 41421 | Hell     | Noticed Geryon
 41466 | Hell     | HP: 5/177 [hell knight/+5 heavy demon blade (15)]
 41466 | Hell     | Slain by a hell beast

Illustrated notes

Levels and vault maps discovered:
D:1:      scummos_arrival_star, layout_basic
D:2:      layout_loops_corners, kennysheep_generic_room_13
D:3:      layout_rooms, fedhas_altar_fruit_tree, nicolae_vehumet_radiance,
          ebering_ghost_reflecting_pool, serial_shops,
          nicolae_shop_pleasant_corner_grove, shop, uniq_robin, uniq_ijyb
D:4:      layout_basic
D:5:      layout_basic, pdpol_wu_jian_five_deadly_venoms,
          minmay_temple_entry_slanted, serial_shops, nicolae_shop_stone, shop,
          nicolae_stop_n_shop_1, nicolae_diamond_shop, grunt_decor_arrowhead,
          kennysheep_nub
D:6:      layout_basic, lemuel_crystal_altar, serial_bayou,
          serial_bayou_crossing, serial_bayou_pond_b, serial_bayou_shore_a,
          serial_bayou_pond_e, serial_shops, shop, ebering_ghost_sewer_f
D:7:      layout_loops_ring, mainiacjoe_overflow_six_doors_small, zin_angel,
          serial_shops, nicolae_shop_trees
D:8:      layout_basic
D:9:      minmay_the_grid_triangle_9x9_rhombus_full
          [minmay_the_grid_triangle_9x9_from_above,
          minmay_the_grid_triangle_9x9_limited_checkers,
          minmay_the_grid_triangle_9x9_windchime,
          minmay_the_grid_triangle_9x9_thin_v,
          minmay_the_grid_triangle_9x9_tough_junction,
          minmay_the_grid_triangle_9x9_steps,
          minmay_the_grid_triangle_9x9_sparse_checkered,
          minmay_the_grid_triangle_9x9_prize_top_heavy], layout_basic,
          lemuel_mausoleum_altar_yredelemnul
D:10:     layout_rooms, lemuel_crystal_altar, cheibriados_altar_1,
          roderic_serpentine_path, uniq_maggie, uniq_erica, uniq_maurice
D:11:     minmay_statue_hallways, layout_basic, david_lair_generic,
          ebering_ghost_xom, chequers_serial_rivers_small_a
D:12:     layout_basic, nicolae_custom_books,
          nicolae_concentric_dashed_squares_mild, uniq_azrael, uniq_psyche
D:13:     layout_basic, grunt_vaults_entry_tiered
D:14:     layout_loops_ring, serial_shops, nicolae_take_the_stairs,
          nicolae_integral_box, uniq_snorg
D:15:     grunt_enter_depths_magical_seal, layout_loops_ring,
          nicolae_kikubaaqudgha_miasma_corner, okawaru_altar_gauntlet_db,
          uniq_roxanne, uniq_jorgrun
Temple:   hellmonk_temple_divided_pantheon
Lair:1:   layout_chaotic_city, uniq_harold, uniq_urug
Lair:2:   layout_roguey, mainiacjoe_swamp_entry_angry_trees,
          hellmonk_spider_entry_not_the_bees, lemuel_fruit_fields
Lair:3:   layout_misc_corridors, minmay_holes, serial_bayou_shore_b,
          serial_bayou_shore_b, uniq_amaemon
Lair:4:   layout_roguey, enter_volcano_4
Lair:5:   hellmonk_lair_end_abyssal_woods, layout_big_grid,
          nicolae_slime_entry_field_trip, minmay_lair_oklob_items, minivault_25,
          nicolae_lair_liquid_snakes, lemuel_fruit_tree
Swamp:1:  gammafunk_worm_tunnel, layout_falls_marsh,
          nicolae_swamp_very_dense_foliage, uniq_nikola
Swamp:2:  layout_basic_swamp, gammafunk_ghost_wrathful_warriors,
          serial_swamp_ruin, evilmike_swamp_ruin_house_5,
          evilmike_swamp_ruin_house_1, hangedman_swamp_ruin_hall, uniq_louise
Swamp:3:  regret_index_all_hallows'_manor, layout_basic_swamp,
          nicolae_swamp_stair_fork
Swamp:4:  swamp_basic_johnstein, layout_basic_swamp, swamp_pool_1_2
Spider:1: nicolae_spider_hilbert_zone_2 [nicolae_spider_hilbert_4_sides_1_open,
          nicolae_spider_hilbert_4_sides_1_open,
          nicolae_spider_hilbert_4_sides_1_open,
          nicolae_spider_hilbert_4_sides_1_open,
          nicolae_spider_hilbert_6_sides_1_open,
          nicolae_spider_hilbert_6_sides_1_open,
          nicolae_spider_hilbert_3_sides_1_open,
          nicolae_spider_hilbert_3_sides_1_open,
          nicolae_spider_hilbert_3_sides_1_open,
          nicolae_spider_hilbert_3_sides_1_open,
          nicolae_spider_hilbert_6_sides_1_open,
          nicolae_spider_hilbert_6_sides_1_open,
          nicolae_spider_hilbert_6_sides_1_open,
          nicolae_spider_hilbert_6_sides_1_open], uniq_aizul
Spider:2: layout_spider_delve, nicolae_spider_stair_cavern
Spider:3: layout_spider_delve, hellmonk_motheaten_closet
Spider:4: grunt_spider_rune_island, hellmonk_ghost_happy_afterlife
Slime:1:  layout_caves
Slime:2:  layout_caves, basic_altar, cheibrodos_slime_lost_civilization_6
Slime:3:  layout_caves, nicolae_slime_rock_hall_of_fame
Slime:4:  layout_caves, basic_altar, cheibrodos_slime_lost_civilization_5
Slime:5:  slime_pit_nicolae_royal_road_to_ruin, uniq_dissolution
Orc:1:    layout_caves, ebering_ghost_gozag
Orc:2:    pubby_orc_utopia, serial_shops, uniq_josephine, uniq_donald
Elf:1:    minmay_guarded_unrand_folly, layout_loops_ring,
          portal_ice_cave_entry_ice_simulacra, portal_desolation_entry_ruin,
          minmay_elf_crystal_hexagon, fake_guardian_serpent_vault
Elf:2:    nicolae_elf_blades_crystal_corner, layout_gridlike,
          ebering_ghost_rock_garden, serial_shops, shop, minmay_shop_grove
Elf:3:    grunt_elf_hall_asides, layout_gridlike, serial_shops,
          nicolae_shop_tiny_waterfront, st_stairs_11, minivault_14,
          nicolae_shop_i_like_big_books
Depths:1: grunt_bent_corner, layout_gridville, enter_ziggurat_e, tso_altar,
          hell_entry, gammafunk_ghost_ooze, hangedman_decor_lopped,
          minmay_misc_feat_x, nicolae_danse_macabre, uniq_enchantress,
          uniq_bai_suzhen
Depths:2: minmay_expanding_circles, layout_gridlike,
          minmay_staircase_windowed_large, pan_entry, gammafunk_ghost_arena,
          pf_hell_entry_tar_spiral
Depths:3: nzn_winding_woodlands_cross [nzn_winding_woodlands_5x15_pockets,
          nzn_winding_woodlands_5x15_eye, nzn_winding_woodlands_5x15_parted,
          nzn_winding_woodlands_5x15_cabin,
          nzn_winding_woodlands_15x15_killbox], layout_cross, hell_entry,
          abyss_entry_crystal, serial_sigils
Hell

Skill      XL: |  1  2  3  4  5  6  7  8  9 10 11 12 13 14 15 16 17 18 19 20 21 22 23 24 25 26 |
---------------+-------------------------------------------------------------------------------+-----
Maces & Flails | 4 5 6 7 9 11 14 16 17 20 | 20.0
Fighting       | 10 14 17 19 20 21 | 21.0
Armour         | 3 12 15 19 23 26 27 | 27.0
Shields        | 6 13 18 | 18.0
Dodging        | 10 14 15 | 15.0

Action                     |  1- 3 |  4- 6 |  7- 9 | 10-12 | 13-15 | 16-18 | 19-21 | 22-24 | 25-27 || total
---------------------------+-------+-------+-------+-------+-------+-------+-------+-------+-------++-------
  Melee: Mace              |    98 |    96 |   260 |   608 |    83 |       |       |       |       ||  1145
         Punch             |       |     2 |     6 |       |       |       |       |       |       ||     8
         Unarmed           |       |       |       |     3 |       |       |       |       |       ||     3
         Morningstar       |       |       |       |       |   202 |       |       |       |       ||   202
         Eveningstar       |       |       |       |       |   482 |  1024 |  1584 |  1889 |   389 ||  5368
  Throw: Boomerang         |       |       |       |     1 |     4 |       |     1 |       |       ||     6
         Dart              |       |       |       |     1 |       |       |     1 |       |       ||     2
         Stone             |       |       |       |     1 |       |       |     1 |       |       ||     2
         Javelin           |       |       |       |       |       |       |       |     4 |       ||     4
 Invoke: Berserk           |       |     1 |     1 |     2 |     1 |     1 |       |     2 |       ||     8
         Trog's Hand       |       |       |     1 |     4 |     6 |       |     4 |     4 |     1 ||    20
         Brothers in Arms  |       |       |       |       |     1 |       |     3 |       |       ||     4
  Evoke: Wand              |       |     3 |     1 |     7 |     1 |       |     5 |     1 |       ||    18
         Condenser vane    |       |       |       |       |     1 |       |     3 |     2 |       ||     6
         Lightning rod     |       |       |       |       |       |       |     3 |     6 |       ||     9
         Box of beasts     |       |       |       |       |       |       |     1 |       |       ||     1
    Use: Scroll            |     4 |     3 |    13 |     8 |    15 |     5 |     9 |    25 |     3 ||    85
         Potion            |     1 |       |     1 |     1 |     3 |     5 |     8 |     7 |     3 ||    29
   Stab: Paralysed         |       |     5 |     4 |     8 |       |       |       |       |       ||    17
         Distracted        |       |       |     1 |       |       |       |     2 |       |       ||     3
         Petrified         |       |       |       |       |       |       |     3 |       |       ||     3
         Confused          |       |       |       |       |       |       |     4 |       |       ||     4
         Sleeping          |       |       |       |       |       |       |     1 |       |       ||     1
 Armour: Chain mail        |    97 |    65 |    42 |       |   356 |   631 |   921 |  1235 |       ||  3347
         Plate armour      |       |       |   142 |   452 |   118 |       |       |       |       ||   712
         Skin              |       |       |       |     1 |       |       |       |       |       ||     1
         Gold dragon scale |       |       |       |       |       |       |       |    33 |   284 ||   317
  Dodge: Dodged            |    68 |    63 |   189 |   219 |   331 |   454 |   598 |  1135 |   229 ||  3286
  Block: Kite shield       |       |       |     2 |   335 |   479 |  1059 |  1332 |  1842 |   347 ||  5396
